 Dungeon Crawl Stone Soup version 0.18-a0-1267-gff090c1 (webtiles) character file.

12632 Duskembrace the Bewitcher (level 11, 0/47 HPs)
             Began as a Spriggan Enchanter on Feb 7, 2016.
             Was a High Priest of Dithmenos.
             Slain by an eight-headed hydra (12 damage)
             ... on level 1 of the Lair of Beasts.
             The game lasted 00:49:47 (12386 turns).

Duskembrace the Bewitcher (Spriggan Enchanter)     Turns: 12386, Time: 00:49:47

Health: 0/47       AC:  5    Str:  4    XL:     11   Next: 65%
Magic:  10/24      EV: 20    Int: 19    God:    Dithmenos [*****.]
Gold:   669        SH:  0    Dex: 18    Spells: 7 memorised, 4 levels left

rFire  + . .     SeeInvis +     z - +7 dagger (venom)
rCold  . . .     Gourm    .     b - +2 robe {MR+}
rNeg   . . .     Faith    .     (shield restricted)
rPois  +         Spirit   .     (helmet restricted)
rElec  .         Dismiss  .     h - +0 cloak
rCorr  .         Reflect  .     (gloves unavailable)
SustAt .         Harm     .     (boots unavailable)
MR     ++...                    (no amulet)
Stlth  ++++++++++               A - ring of protection from fire
                                N - ring of poison resistance

@: wreathed by umbra, very quick, very resistant to hostile enchantments,
uncannily stealthy
A: unfitting armour, see invisible, herbivore 3, speed 3, slow metabolism 2
a: Shadow Step, Shadow Form, Renounce Religion


You were on level 1 of the Lair of Beasts.
You worshipped Dithmenos.
Dithmenos was extremely pleased with you.
You were not hungry.

You visited 3 branches of the dungeon, and saw 13 of its levels.
You also visited: Bailey.

You collected 669 gold pieces.

Inventory:

Hand Weapons
 z - a +7 dagger of venom (weapon)
 T - a +1 short sword of holy wrath
 V - a +0 blowgun
Missiles
 l - 96 poisoned needles
 B - 14 tomahawks (quivered)
 H - 2 throwing nets
 U - 2 curare-tipped needles
Armour
 b - a +2 robe of magic resistance (worn)
 g - a +0 buckler
 h - a +0 cloak (worn)
Jewellery
 t - an uncursed ring of resist corrosion
 A - a ring of protection from fire (right hand)
 N - a ring of poison resistance (left hand)
Wands
 a - a wand of iceblast (6/15)
 E - a wand of digging (18/24)
Scrolls
 e - 3 scrolls of summoning {unknown}
 j - 9 scrolls of recharging
 k - 5 scrolls of remove curse
 m - 3 scrolls of fog
 p - 4 scrolls of enchant armour
 s - a scroll of torment {unknown}
 v - 3 scrolls of teleportation
 w - a scroll of fear
 G - 3 scrolls of silence {unknown}
 I - a scroll of amnesia {unknown}
 K - 6 scrolls of blinking {unknown}
 R - a scroll of brand weapon {unknown}
 S - a scroll of acquirement {unknown}
Potions
 i - 5 potions of invisibility
 n - 8 potions of curing
 o - 2 potions of ambrosia
 r - 3 potions of berserk rage
 u - a potion of magic
 F - 3 potions of haste
 J - a potion of agility
 P - 3 potions of resistance
 W - 2 potions of heal wounds
 X - a potion of flight
 Y - a potion of might
Miscellaneous
 x - a legendary deck of war
 y - a stone of tremors
Comestibles
 d - 6 bread rations
 f - 22 fruits
 q - a slice of pizza
 Z - a royal jelly


   Skills:
 - Level 2.0 Short Blades
 - Level 4.7 Dodging
 + Level 15.0 Stealth
 - Level 8.1 Spellcasting
 * Level 16.4 Hexes


You had 4 spell levels left.
You knew the following spells:

 Your Spells              Type           Power        Failure   Level  Hunger
a - Corona                Hex            ######.      0%          1    None
b - Ensorcelled Hibernat  Hex/Ice        #####.       1%          2    None
c - Confuse               Hex            ######..     1%          3    None
d - Tukima's Dance        Hex            ######..     1%          3    None
e - Dazzling Spray        Conj/Hex       #####...     1%          3    None
f - Mass Confusion        Hex            ######....   1%          6    ######.
g - Cause Fear            Hex            ######....   1%          4    ###....


Dungeon Overview and Level Annotations

Branches:
Dungeon (11/15)            Temple (1/1) D:5            Lair (1/8) D:11
    Orc (0/2) D:9

Altars:
Cheibriados
Dithmenos
Fedhas
Gozag
Makhleb
Qazlal
Ru
Sif Muna
Trog
Vehumet
Yredelemnul
Zin
The Shining One

Annotations:
D:11 Lysie's ghost, journeyman MiFi


Innate Abilities, Weirdness & Mutations

You are tiny and cannot use many weapons and most armour.
You have supernaturally acute eyesight.
You are a herbivore.
You cover ground extremely quickly.
You need consume almost no food.


Message History

The eight-headed hydra bites the plant!
The eight-headed hydra bites the plant.
The eight-headed hydra bites the plant!
The eight-headed hydra bites the plant. x2
You hit the eight-headed hydra.
The eight-headed hydra is lightly wounded.
The eight-headed hydra bites the plant!!
The plant is destroyed!
The eight-headed hydra bites you. The eight-headed hydra misses you.
The eight-headed hydra bites you but does no damage.
The eight-headed hydra misses you.
The eight-headed hydra closely misses you.
The eight-headed hydra misses you. x2
You hit the eight-headed hydra.
The eight-headed hydra is moderately wounded.
The iguana hisses angrily.
You hit the eight-headed hydra.
The eight-headed hydra is moderately wounded.
The eight-headed hydra bites you! x3
* * * LOW HITPOINT WARNING * * *
The eight-headed hydra bites you!
You die...

#.#......... ## ..l....l...#
.#..##..##.... ##.l##.l
##..# ####..##≈. #....
#......#≈≈####....
#.#....##≈≈.......
##D.##..D####.....#
#.@####...l......## ##.#
######.#...#
##.####.###....#≈## #
#............#..≈≈. ######.
#...###....#..≈≈≈≈≈
.....######..##.###.#.≈≈≈≈≈≈
#..#.##.#..#.# ##..≈≈≈≈≈≈
#...........## ##.≈≈≈.≈≈
###..P###.....# #P≈≈≈≈.>.


You could see an eight-headed hydra (confused) and 2 iguanas.

Vanquished Creatures
  The ghost of Leszczynek the Cleaver, a journeyman DDFi of Makhleb (D:10)
  Erica (D:11)
  An unseen horror (D:11)
  A hill giant (D:11)
  An ugly thing (D:8)
  A spiny frog (Lair:1)
  A troll (D:10)
  Grinder (D:5)
  2 wraiths (D:10)
  A wyvern (D:9)
  10 yaks (D:11)
  5 hippogriffs
  Eustachio (D:4)
  A steam dragon (D:9)
  Edmund (D:4)
  A wolf (Lair:1)
  A water moccasin (Lair:1)
  4 black bears
  5 porcupines
  A sky beast (D:6)
  3 orc warriors
  3 ogres
  4 centaurs
  4 big kobolds
  8 giant frogs
  6 killer bees (D:7)
  A crimson imp (D:5)
  A giant frog zombie (D:9)
  2 jellies
  A giant frog skeleton (D:10)
  7 hounds
  An orc priest (D:11)
  An iron imp (D:7)
  2 centaur skeletons
  An iguana (D:9)
  6 orc wizards
  Natasha (thrice) (D:4)
  3 worker ants
  A hound zombie (D:8)
  2 hound skeletons
  2 worker ant zombies
  11 adders
  3 gnolls
  2 river rats (D:11)
  3 shadow imps
  2 adder skeletons (D:8)
  3 adder zombies
  2 worms
  7 giant geckos
  43 orcs
  6 giant cockroaches
  10 goblins
  7 hobgoblins
  11 jackals
  A quokka (D:2)
  A ball python (D:7)
  8 bats
  8 giant newts
  2 goblin skeletons (D:7)
  A goblin zombie (D:7)
  A hobgoblin zombie (D:7)
  A jackal skeleton (D:5)
  24 kobolds
  2 kobold zombies (D:7)
  An orc skeleton (D:7)
  3 orc zombies (D:7)
  A quokka skeleton (D:6)
  6 rats
  A plant (Lair:1)
274 creatures vanquished.

Vanquished Creatures (collateral kills)
  3 orc knights (Bailey)
  Sigmund (D:4)
  11 orc warriors
  2 ogres
  A big kobold (D:9)
  Blork the orc (D:4)
  4 orc priests
  7 orc wizards
  5 gnolls
  38 orcs
  A giant cockroach (D:8)
  6 kobolds
80 creatures vanquished.

Vanquished Creatures (others)
  3 bushes (D:11)
  5 plants (D:11)
8 creatures vanquished.

Grand Total: 362 creatures vanquished

Notes
Turn   | Place    | Note
--------------------------------------------------------------
     0 | D:1      | Duskembrace the Spriggan Enchanter began the quest for the Orb.
     0 | D:1      | Reached XP level 1. HP: 9/9 MP: 5/5
   145 | D:1      | Reached XP level 2. HP: 13/13 MP: 6/6
   155 | D:1      | Learned a level 2 spell: Ensorcelled Hibernation
   632 | D:1      | Reached skill level 5 in Stealth
   706 | D:1      | Reached XP level 3. HP: 16/16 MP: 2/8
   869 | D:1      | Learned a level 3 spell: Confuse
  1609 | D:2      | Reached skill level 5 in Hexes
  1927 | D:3      | Reached XP level 4. HP: 21/21 MP: 6/10
  2291 | D:3      | Learned a level 3 spell: Tukima's Dance
  2878 | D:4      | Noticed Natasha
  2881 | D:4      | Killed Natasha
  2906 | D:4      | Noticed an ogre
  2914 | D:4      | Killed an ogre
  2914 | D:4      | Reached XP level 5. HP: 24/24 MP: 0/11
  3016 | D:4      | Reached skill level 6 in Stealth
  3059 | D:4      | Noticed Blork the orc
  3074 | D:4      | Killed Blork the orc
  3290 | D:4      | Reached XP level 6. HP: 24/28 MP: 1/13
  3295 | D:4      | Learned a level 3 spell: Dazzling Spray
  3472 | D:4      | Noticed Edmund
  3508 | D:4      | Killed Edmund
  3508 | D:4      | Reached skill level 7 in Hexes
  3617 | D:4      | Noticed Sigmund
  3626 | D:4      | Killed Sigmund
  3626 | D:4      | Reached skill level 5 in Spellcasting
  3626 | D:4      | Reached XP level 7. HP: 28/32 MP: 8/15
  3924 | D:4      | Noticed Eustachio
  3934 | D:4      | Killed Eustachio
  3934 | D:4      | Reached skill level 8 in Hexes
  3973 | D:4      | Noticed Natasha
  3977 | D:4      | Killed Natasha
  4009 | D:4      | Found a blossoming altar of Fedhas.
  4207 | D:4      | Noticed Natasha
  4212 | D:4      | Killed Natasha
  4497 | D:5      | Entered Level 5 of the Dungeon
  4712 | D:5      | Noticed Grinder
  4721 | D:5      | Reached XP level 8. HP: 29/36 MP: 6/18
  4750 | D:5      | Killed Grinder
  4750 | D:5      | Reached skill level 9 in Hexes
  4781 | D:5      | Found a sacrificial altar of Ru.
  5232 | D:5      | Found a glowing silver altar of Zin.
  5348 | D:5      | Found a staircase to the Ecumenical Temple.
  5353 | Temple   | Entered the Ecumenical Temple
  5384 | Temple   | Became a worshipper of Dithmenos the Shadowed
  5617 | D:6      | Reached skill level 10 in Hexes
  5931 | D:6      | Found a snail-covered altar of Cheibriados.
  6240 | D:7      | Reached XP level 9. HP: 39/39 MP: 12/19
  6504 | D:7      | Found a radiant altar of Vehumet.
  6529 | D:7      | Reached skill level 11 in Hexes
  6835 | D:7      | Reached skill level 10 in Stealth
  6925 | D:7      | Reached * piety under Dithmenos
  7051 | D:7      | Found a glowing golden altar of the Shining One.
  7769 | D:8      | Found a deep blue altar of Sif Muna.
  7781 | D:8      | Reached ** piety under Dithmenos
  7807 | D:8      | Found a blossoming altar of Fedhas.
  8089 | D:8      | Found a burning altar of Makhleb.
  8120 | D:8      | Found a bloodstained altar of Trog.
  8211 | D:8      | Noticed a purple ugly thing
  8228 | D:8      | Killed a purple ugly thing
  8228 | D:8      | Reached skill level 12 in Hexes
  8691 | D:9      | Found a staircase to the Orcish Mines.
  8970 | D:9      | Reached XP level 10. HP: 44/44 MP: 23/23
  9510 | D:10     | Entered Level 10 of the Dungeon
  9533 | D:10     | Reached skill level 13 in Hexes
  9566 | D:10     | Found a flagged portal.
  9573 | Bailey   | Entered a bailey
  9599 | Bailey   | Reached *** piety under Dithmenos
  9958 | Bailey   | Noticed an orc knight
  9972 | Bailey   | Killed an orc knight
 10065 | Bailey   | Noticed an orc knight
 10065 | Bailey   | Noticed an orc knight
 10084 | Bailey   | Killed an orc knight
 10085 | Bailey   | Killed an orc knight
 10396 | D:10     | Reached **** piety under Dithmenos
 10650 | D:10     | Reached skill level 14 in Hexes
 10655 | D:10     | Noticed Leszczynek's ghost (journeyman DDFi)
 10703 | D:10     | Killed Leszczynek's ghost
 11330 | D:10     | Reached XP level 11. HP: 33/47 MP: 20/24
 11434 | D:11     | Noticed a hill giant
 11438 | D:11     | Killed a hill giant
 11438 | D:11     | Reached skill level 15 in Hexes
 11561 | D:11     | Noticed an unseen horror
 11582 | D:11     | Killed an unseen horror
 11609 | D:11     | Noticed Erica
 11613 | D:11     | Killed Erica
 11768 | D:11     | Reached skill level 16 in Hexes
 11959 | D:11     | Noticed Lysie's ghost (journeyman MiFi)
 12003 | D:11     | Found a staircase to the Lair.
 12020 | Lair:1   | Entered Level 1 of the Lair of Beasts
 12043 | Lair:1   | Learned a level 6 spell: Mass Confusion
 12048 | Lair:1   | Learned a level 4 spell: Cause Fear
 12260 | Lair:1   | Reached ***** piety under Dithmenos
 12273 | Lair:1   | Reached skill level 15 in Stealth
 12350 | Lair:1   | Noticed an eight-headed hydra
 12386 | Lair:1   | Slain by an eight-headed hydra

Vault maps used:
D:1:      dpeg_arrival_refuge
D:4:      fedhas_altar_1, lightli_corner_chamber, uniq_eustachio,
          uniq_blork_the_orc, uniq_edmund, uniq_sigmund, uniq_natasha
D:5:      lemuel_coloured_pillars_altar, zin_treasury, temple_doors_c,
          first_bread, uniq_grinder
D:6:      nicolae_overflow_hidden_temple, uniq_prince_ribbit1
D:7:      nicolae_tso_besieged_by_evil, fiery_altar_vehumet
D:8:      bloody_makhleb, led_sif_book, hangedman_tree_tricks,
          minmay_misc_feat_cross, kennysheep_minor_cross,
          grunt_decor_one_mirror, trog_ov_bears_minmay
D:9:      orc_0_dummy
D:10:     enter_bailey_3, bh_walls_and_bars
D:11:     minmay_lair_entry_grove, uniq_erica
Temple:   oiseaux_autumnal_temple_12
Lair:1:   beast_lair_carwin_6, serial_bayou_shore_b, grunt_megastairs_3,
          infiniplex_staircase_pool_2
Bailey:   bailey_polearm_5, bailey

Action                   |  1- 3 |  4- 6 |  7- 9 | 10-12 || total
-------------------------+-------+-------+-------+-------++-------
Melee: Dagger            |    91 |    58 |   225 |   190 ||   564
       Rapier            |       |       |    38 |       ||    38
 Cast: Corona            |     4 |       |       |       ||     4
       Ensorcelled Hiber |    27 |    16 |    66 |    80 ||   189
       Confuse           |       |     9 |    22 |    25 ||    56
       Tukima's Dance    |       |     6 |    21 |    28 ||    55
       Dazzling Spray    |       |       |     2 |       ||     2
Invok: Shadow Step       |       |       |       |     1 ||     1
Evoke: Wand              |       |       |     1 |       ||     1
  Use: Scroll            |       |       |     5 |    20 ||    25
 Stab: Sleeping          |    36 |    15 |    74 |    71 ||   196
       Confused          |       |     3 |    10 |    18 ||    31
  Eat: Pizza             |       |     1 |     1 |       ||     2
       Bread ration      |       |     1 |     1 |       ||     2
